 Dungeon Crawl Stone Soup version 0.29-a0-885-gb26ba3297d (webtiles) character file.

Game seed: 8488789591161972850

72 jimonade the Sneak (level 4, 0/26 HPs)
             Began as a Vampire Brigand on July 21, 2022.
             Slain by a gnoll
             ... wielding a +0 whip
              (4 damage)
             ... on level 2 of the Dungeon.
             The game lasted 00:02:03 (2051 turns).

jimonade the Sneak (Vampire Brigand)                Turns: 2051, Time: 00:02:04

Health: 0/26       AC:  2    Str: 10    XL:     4   Next: 6%
Magic:  4/4        EV: 12    Int: 13    God:
Gold:   49         SH:  0    Dex: 17    Spells: 3/3 levels left

rFire   . . .      SeeInvis +   a - +2 dagger
rCold   + + .      Faith    .   (no shield)
rNeg    + + +      Spirit   .   b - +0 robe
rPois   ∞          Reflect  .   (no helmet)
rElec   .          Harm     .   k - scarf {shadows}
rCorr   .          Rampage  .   (no gloves)
Will    .....                   (no boots)
Stlth   ++++++....              (no amulet)
HPRegen 0.00/turn               (no ring)
MPRegen 0.09/turn               (no ring)

@: bloodless, inhibited regen
A: bloodless, fangs 3, see invisible, vampiric 2
a: Bat Form, Revivify


You were on level 2 of the Dungeon.
You visited 1 branch of the dungeon, and saw 2 of its levels.

You collected 49 gold pieces.

Inventory:

Hand Weapons
 a - a +2 dagger (weapon)
Missiles
 d - 16 poisoned darts (quivered)
 e - 3 curare-tipped darts
 j - 2 boomerangs
Armour
 b - a +0 robe (worn)
 c - a +0 cloak
 k - a scarf of shadows (worn)
Scrolls
 m - a scroll of noise {unknown}
 o - 2 scrolls of identify {unknown}
 p - 2 scrolls of enchant armour {unknown}
 q - a scroll of blinking {unknown}
 r - a scroll of magic mapping {unknown}
 s - a scroll of amnesia {unknown}
Potions
 f - 2 potions of ambrosia {unknown}
 g - a potion of degeneration {unknown}
 h - a potion of lignification {unknown}
 i - a potion of flight {unknown}
 l - a potion of curing {unknown}
 n - a potion of heal wounds {unknown}


   Skills:
 + Level 2.1 Fighting
 + Level 2.6 Short Blades
 - Level 1.5 Throwing
 + Level 1.2 Dodging
 * Level 7.9 Stealth


You had 3 spell levels left.
You didn't know any spells.
Your spell library was empty.

Dungeon Overview and Level Annotations

Branches:
Dungeon (2/15)

Altars:


Innate Abilities, Weirdness & Mutations

You do not regenerate when monsters are visible.
You are frail without blood (-20% HP).
You can heal yourself when you bite living creatures.
You are immune to poison.
You have razor-sharp teeth.
You have supernaturally acute eyesight. (SInv)
You are afflicted with vampirism and can become a bat while bloodless.


Message History

You hit the gnoll. You bite the gnoll.
You draw the gnoll's blood!
You feel better.
The gnoll is almost dead.
The gnoll hits you but does no damage.
You hit the gnoll.
You kill the gnoll!
You have reached level 4!
The gnoll closely misses you.
You see here a +0 spear.
You barely miss the gnoll. The gnoll hits you with a +0 whip.
* * * LOW HITPOINT WARNING * * *
You hit the gnoll.
The gnoll is moderately wounded.
The gnoll hits you but does no damage.
You barely miss the gnoll.
The gnoll is moderately wounded.
The gnoll closely misses you.
You hit the gnoll.
The gnoll is heavily wounded.
The gnoll misses you.
You barely miss the gnoll.
The gnoll is heavily wounded.
The gnoll barely misses you.
You barely miss the gnoll.
The gnoll is heavily wounded.
The gnoll completely misses you.
You closely miss the gnoll.
The gnoll is heavily wounded.
The gnoll misses you.
You closely miss the gnoll.
The gnoll is heavily wounded.
You hit the gnoll.
The gnoll is severely wounded.
The gnoll hits you with a +0 whip.
* * * LOW HITPOINT WARNING * * *
You closely miss the gnoll.
The gnoll is severely wounded.
The gnoll shouts!
The gnoll hits you with a +0 whip.
You die...

### ..# #.# # #.# ###########g
#####.########.....g...##.##.#...#.###.#
......##.##.##.# #.# #.######.......#
#.# #.# ####.#### #.# #.# #.# ##.## #.#
#.# ..# ##...#####.# #.# ###
##..>.......#####.# #.##
##.......######.##.#


You could see 2 gnolls.

Vanquished Creatures
  A gnoll (D:2)
  2 adders (D:2)
  A worm (D:2)
  4 dart slugs
  A bat (D:1)
  7 endoplasms
  A giant cockroach (D:1)
  2 goblins
  5 hobgoblins (D:1)
  A quokka (D:2)
  A ball python (D:1)
  A frilled lizard (D:1)
  3 kobolds (D:1)
  A rat (D:2)
31 creatures vanquished.

Notes
Turn   | Place    | Note
-------+----------+-------------------------------------------
     0 | D:1      | jimonade the Vampire Brigand began the quest for the Orb.
     0 | D:1      | Reached XP level 1. HP: 16/16 MP: 1/1
     0 | D:1      | Noticed a demonspawn
    10 | D:1      | Noticed a barachi
    12 | D:1      | Noticed a dwarf
    13 | D:1      | Noticed an elf
    14 | D:1      | Noticed a human
    15 | D:1      | Noticed a felid
    17 | D:1      | Noticed a vampire
    17 | D:1      | Noticed a naga
    19 | D:1      | Noticed a tengu
    23 | D:1      | Noticed a demonspawn
    23 | D:1      | Noticed a demigod
    23 | D:1      | Noticed a merfolk
    44 | D:1      | Reached skill level 6 in Stealth
    72 | D:1      | Reached XP level 2. HP: 6/17 MP: 2/2
   489 | D:1      | Reached skill level 7 in Stealth
   983 | D:2      | Gained mutation: You are afflicted with vampirism and can
                  | become a bat while bloodless. [Vampire growth]
   983 | D:2      | Reached XP level 3. HP: 21/21 MP: 3/3
  2041 | D:2      | Reached XP level 4. HP: 11/26 MP: 4/4
  2051 | D:2      | Slain by a gnoll

Illustrated notes

Levels and vault maps discovered:
D:1:      shiori_arrival_whats_in_store_for_you, layout_rooms,
          corexii_item_surrounded_by_moat
D:2:      layout_loops_corners

Skill      XL: |  1  2  3 |
---------------+----------+-----
Stealth        | 6 7 |  7.9
Fighting       | 2 |  2.1
Short Blades   | |  2.6
Throwing       | |  1.5
Dodging        | |  1.2

Action                   |  1- 3 |  4- 6 || total
-------------------------+-------+-------++-------
Melee: Dagger            |    84 |    10 ||    94
       Bite              |     8 |       ||     8
 Abil: Exsanguinate      |     1 |       ||     1
 Stab: Sleeping          |    13 |       ||    13
Armor: Robe              |     7 |     1 ||     8
Dodge: Dodged            |    36 |     6 ||    42

Table legend: (Time is in decaauts)
 A = Elapsed time spent in this place.
 B = Non-inter-level travel time spent in this place.
 C = Inter-level travel time spent in this place.
 D = Time resting spent in this place.
 E = Time spent auto-exploring this place.
 F = Levels seen in this place.
 G = Mean time per level.
                   A        B        C        D        E       F      G
               +--------+--------+--------+--------+--------+-----+--------+
         Total |   2040 |   2031 |      9 |    295 |   1477 |   2 | 1020.0 |
       Dungeon |   2040 |   2031 |      9 |    295 |   1477 |   2 | 1020.0 |
               +--------+--------+--------+--------+--------+-----+--------+

Top non-repeatable levels by time:
     D:2: 1085 daAuts
     D:1: 954 daAuts
